 Dungeon Crawl Stone Soup version 0.17.0-28-g6e173f8 (webtiles) character file.

564 ketsa the Chopper (level 7, -11/61 HPs)
             Began as a Deep Dwarf Fighter on Nov 29, 2015.
             Killed from afar by Nicoed's ghost (18 damage)
             ... with a bolt of negative energy
             ... in an ossuary.
             The game lasted 00:10:01 (2543 turns).

ketsa the Chopper (Deep Dwarf Fighter)              Turns: 2543, Time: 00:10:02

Health: -11/61     AC:  9    Str: 21    XL:     7   Next: 10%
Magic:  7/7        EV:  7    Int:  9    God:
Gold:   188        SH:  9    Dex: 12    Spells: 0 memorised, 6 levels left

rFire  . . .     SeeInvis .     a - +0 war axe
rCold  + . .     Clarity  .     b - +0 scale mail
rNeg   . . .     SustAt   .     c - +0 shield
rPois  .         Gourm    .     n - +1 helmet
rElec  .         Spirit   .     (no cloak)
rCorr  .         Warding  .     (no gloves)
rMut   .         Stasis   .     (no boots)
MR     +....                    (no amulet)
Stlth  ..........               (no ring)
                                B - ring of protection from cold

@: non-regenerating, drained, somewhat resistant to hostile enchantments,
extremely unstealthy
A: damage resistance, recharge devices, sense surroundings 1, slow regeneration
3
a: Device Recharging


You were in an ossuary.
You were not hungry.

You visited 1 branch of the dungeon, and saw 5 of its levels.
You also visited: Ossuary.

You collected 188 gold pieces.

Inventory:

Hand Weapons
 a - a +0 war axe (weapon)
 g - a +0 hunting sling
 j - a +2 spear of piercing
 C - a +0 war axe
Missiles
 q - 19 bolts
 w - 12 arrows of frost
 y - 87 stones (quivered)
Armour
 b - a +0 scale mail (worn)
 c - a +0 shield (worn)
 n - a +1 helmet (worn)
 D - a +0 chain mail
 E - a +1 leather armour of cold resistance
 G - a cursed +0 leather armour
Jewellery
 B - a ring of protection from cold (left hand)
Wands
 e - a wand of heal wounds (4)
 s - a wand of flame (28)
Scrolls
 h - 4 scrolls of identify
 k - 2 scrolls of teleportation
 o - 2 scrolls of remove curse
 p - a scroll of enchant armour
 H - a scroll of fog {unknown}
 I - a scroll of immolation {unknown}
Potions
 d - a potion of brilliance {unknown}
 l - 2 potions of heal wounds
 m - a potion of agility {unknown}
 u - 2 potions of lignification {unknown}
 v - a potion of poison {unknown}
 A - 2 potions of flight {unknown}
Books
 t - a book of Debilitation

   Spells                             Type                      Level
   a - Corona                         Hexes                        1
   b - Slow                           Hexes                        2
   c - Gell's Gravitas                Hexes/Translocation          3
   d - Inner Flame                    Hexes/Fire                   3
   e - Cause Fear                     Hexes                        4
   f - Leda's Liquefaction            Hexes/Earth                  4
Comestibles
 f - 3 bread rations
 i - 3 meat rations
 x - 2 beef jerkies
 z - 2 chunks of flesh


   Skills:
 - Level 2.6(1.6) Fighting
 * Level 6.0(4.9) Axes
 + Level 5.3(4.2) Armour
 + Level 5.4(4.3) Shields


You had 6 spell levels left.
You didn't know any spells.

Dungeon Overview and Level Annotations

Branches:
Dungeon (5/15)
 Temple: D:4-7

Altars:
Vehumet

Annotations:
Ossuary Nicoed's ghost, novice DrTm


Innate Abilities, Weirdness & Mutations

You are resistant to damage.
You can recharge devices by infusing magical energy.
You passively map a small area around you.
You do not regenerate naturally.


Message History

Nicoed's ghost hits you.
* * * LOW HITPOINT WARNING * * *
The big kobold zombie hits you but does no damage.
You closely miss Nicoed's ghost.
Nicoed's ghost is lightly damaged.
You slash the orc zombie!
You destroy the orc zombie!
You barely miss the big kobold zombie. You hit the mummy.
The mummy is heavily damaged.
Nicoed's ghost hits you.
* * * LOW HITPOINT WARNING * * *
The big kobold zombie hits you but does no damage.
You block the mummy's attack.
Nicoed's ghost screams, "I have seen your future, and it is all used up."
Nicoed's ghost breathes negative energy at you.
The bolt of negative energy hits the big kobold zombie.
The big kobold zombie completely resists.
The bolt of negative energy hits you!
You feel drained.
You die...

, #....#
#....#
#..M.#,
, ,
,,#....#
, #....#
, , *
#....#,
,,
#..MW# ,
* ,
#..Z.#*
,,
#.∩@.#*
* ######
*


You could see 2 mummies, Nicoed's ghost and a big kobold zombie.

Vanquished Creatures
  The ghost of ketsa the Chopper, an amateur DDBe of Trog (D:3)
  Edmund (D:4)
  2 orc priests (D:4)
  Ijyb (D:3)
  A hound (D:3)
  Natasha (twice) (D:3)
  An iguana (D:5)
  A worker ant (D:3)
  A hound skeleton (D:4)
  An ooze (D:3)
  2 worms
  2 giant geckos
  10 orcs
  5 giant cockroaches
  A gnoll zombie (Ossuary)
  6 hobgoblins
  A quokka (D:3)
  3 ball pythons
  4 bats
  8 giant newts
  12 goblins
  7 jackals
  3 kobolds
  2 kobold zombies (Ossuary)
  4 orc zombies (Ossuary)
  3 rats
85 creatures vanquished.

Notes
Turn   | Place    | Note
--------------------------------------------------------------
     0 | D:1      | ketsa the Deep Dwarf Fighter began the quest for the Orb.
     0 | D:1      | Reached XP level 1. HP: 20/20 MP: 1/1
   187 | D:1      | Reached XP level 2. HP: 25/27 MP: 2/2
   980 | D:2      | Reached XP level 3. HP: 24/33 MP: 3/3
  1131 | D:3      | Noticed Natasha
  1296 | D:4      | Noticed Edmund
  1420 | D:3      | Reached skill level 4 in Armour
  1420 | D:3      | Reached XP level 4. HP: 19/40 MP: 4/4
  1554 | D:3      | Noticed ketsa's ghost (amateur DDBe)
  1554 | D:3      | Killed Natasha
  1583 | D:3      | Killed ketsa's ghost
  1583 | D:3      | Reached skill level 5 in Axes
  1583 | D:3      | Reached XP level 5. HP: 27/46 MP: 5/5
  1713 | D:3      | Reached XP level 6. HP: 31/55 MP: 6/6
  1939 | D:3      | Noticed Ijyb
  1957 | D:3      | Killed Ijyb
  2087 | D:3      | Noticed Natasha
  2094 | D:3      | Killed Natasha
  2221 | D:4      | Killed Edmund
  2221 | D:4      | Reached skill level 5 in Armour
  2221 | D:4      | Reached skill level 5 in Shields
  2295 | D:4      | Found a radiant altar of Vehumet.
  2321 | D:4      | Reached XP level 7. HP: 28/61 MP: 7/7
  2410 | D:4      | Noticed a scorpion
  2414 | D:5      | Entered Level 5 of the Dungeon
  2469 | D:5      | Reached skill level 6 in Axes
  2494 | D:5      | Found a sand-covered staircase.
  2503 | Ossuary  | Entered an ossuary
  2530 | Ossuary  | Noticed Nicoed's ghost (novice DrTm)
  2543 | Ossuary  | Killed from afar by Nicoed's ghost

Action                   |  1- 3 |  4- 6 |  7- 9 || total
-------------------------+-------+-------+-------++-------
Melee: War axe           |   142 |   148 |    38 ||   328
       Spear             |       |     1 |       ||     1
Throw: Stone             |       |     2 |       ||     2
Evoke: Wand              |       |     4 |     1 ||     5
  Use: Scroll            |       |     5 |     2 ||     7
       Potion            |       |     1 |       ||     1
  Eat: Chunk             |     2 |     3 |     1 ||     6
